 Dungeon Crawl Stone Soup version 0.23-a0-126-g19e28b4 (webtiles) character file.

49031 Patate the Warrior (level 14, -4/100 HPs)
             Began as a Gargoyle Fighter on Aug 9, 2018.
             Was a High Priest of Makhleb.
             Slain by a chaos spawn (17 damage)
             ... summoned by an orc sorcerer
             ... on level 2 of the Orcish Mines on Aug 27, 2018.
             The game lasted 01:17:23 (22530 turns).

Patate the Warrior (Gargoyle Fighter)              Turns: 22530, Time: 01:17:24

Health: -4/100     AC:  0    Str: 22    XL:     14   Next: 49%
Magic:  21/21      EV: 24    Int: 10    God:    Makhleb [*****.]
Gold:   1909       SH:  0    Dex: 16    Spells: 13/13 levels left

rFire    . . .     SeeInvis .   (weapon currently unavailable)
rCold    . . .     Gourm    .   (shield currently unavailable)
rNeg     + . .     Faith    .   (armour currently unavailable)
rPois    ∞         Spirit   .   (helmet currently unavailable)
rElec    .         Reflect  .   (cloak currently unavailable)
rCorr    .         Harm     .   (gloves currently unavailable)
MR       +....                  (boots currently unavailable)
Stlth    +.........             I - amulet of regeneration
HPRegen  0.66/turn              (ring currently unavailable)
MPRegen  0.17/turn              (ring currently unavailable)

@: about to teleport, bat-form, flying, drained, very quick
A: tiny, negative energy resistance 1, petrification resistance, rot immunity,
AC +10
a: Minor Destruction, Lesser Servant of Makhleb, Major Destruction, Greater
Servant of Makhleb, Renounce Religion


You were on level 2 of the Orcish Mines.
You worshipped Makhleb.
Makhleb was extremely pleased with you.
You were not hungry.
You were in bat-form.
You visited 3 branches of the dungeon, and saw 19 of its levels.

You collected 1909 gold pieces.

Inventory:

Hand Weapons
 a - a +0 flail
 d - a +1 whip of electrocution
 s - a cursed -1 mace (melded)
 K - a +2 dire flail
Armour
 c - a +0 shield (melded)
 m - a +1 cloak (melded)
 u - a +2 helmet (melded)
 H - the +1 ring mail of Dogma (melded) {Str+2}
   (You found it on level 10 of the Dungeon)

   It affects your strength (+2).
 M - a +0 plate armour of magic resistance
 P - a +0 pair of boots of running (melded)
Jewellery
 g - a ring of protection from magic (melded)
 v - an uncursed ring of protection from cold
 w - a +3 ring of strength (melded)
 C - an uncursed amulet of rage
 I - an amulet of regeneration (around neck)
Wands
 i - a wand of paralysis (45)
 q - a wand of polymorph (7)
 x - a wand of digging (24)
 y - a wand of random effects (63)
 B - a wand of flame (4)
 G - a wand of acid (4)
 N - a wand of disintegration (11)
Scrolls
 b - a scroll of fear
 k - 2 scrolls of identify
 l - a scroll of magic mapping
 n - 3 scrolls of amnesia
 o - 2 scrolls of teleportation
 D - a scroll of blinking
 F - 2 scrolls of enchant armour
Potions
 e - 2 potions of flight
 h - 6 potions of curing
 j - 2 potions of brilliance
 p - 3 potions of mutation
 r - 6 potions of might
 t - 2 potions of invisibility
 z - 2 potions of ambrosia
 A - 3 potions of lignification
 E - 4 potions of heal wounds
 J - a potion of haste
 L - a potion of cancellation
Comestibles
 f - 25 rations
 O - 10 chunks of flesh


   Skills:
 + Level 16.4(16.0) Fighting
 - Level 14.0(13.6) Maces & Flails
 - Level 8.0(7.6) Armour
 - Level 6.0(5.6) Dodging
 - Level 3.2(2.9) Shields
 + Level 10.0(9.7) Invocations


You had 13 spell levels left.
You didn't know any spells.
Your spell library was empty.

Dungeon Overview and Level Annotations

Branches:
Dungeon (11/15)            Temple (0/1) D:7            Lair (6/6) D:11
  Swamp (0/4) Lair:4       Spider (0/4) Lair:3        Slime (0/5) Lair:5
    Orc (2/2) D:11
    Elf: Orc:2

Altars:
Dithmenos
Elyvilon
Makhleb
Trog
Wu Jian
Yredelemnul
Zin
The Shining One
Beogh
Jiyva

Shops:
D:8 (   D:9 *   D:11 *   Orc:2 [}

Portals:
Trove: D:10 (give +2 fire dragon scales)

Annotations:
Lair:5 exclusion: 3 oklob plants


Innate Abilities, Weirdness & Mutations

You are resistant to torment.
((Your stone body is resilient. (AC +10)))
You are immune to poison.
((Your large and strong wings let you fly indefinitely.))
You resist negative energy. (rN+)
((You are resistant to electric shocks. (rElec)))
((You can survive without breathing.))
You are immune to petrification.
You are immune to rotting.


Message History

The orange demon stings you from afar.
The orc sorcerer gestures at you while chanting.
The bolt of negative energy hits you! You partially resist.
You feel drained.
The bolt of negative energy hits the chaos spawn.
The chaos spawn completely resists.
You barely miss the orc sorcerer.
The orc sorcerer is moderately wounded.
The chaos spawn barely misses you. The orc knight barely misses you.
You hit the orc sorcerer.
The orc sorcerer is moderately wounded.
The orange demon stings you from afar!
The orc sorcerer hits you but does no damage.
The chaos spawn barely misses you.
As you read the scroll of teleportation, it crumbles to dust.
You feel strangely unstable. The orange demon misses you.
The orc knight hits you from afar with an enchanted bardiche!!
* * * LOW HITPOINT WARNING * * *
The orc sorcerer points at you and mumbles some strange words.
You resist with some effort. The chaos spawn hits you!
You die...

##......[[(...###.##
##............# ###
..............###
...........##...# ##
.....############ ..###
.....#.....# #####...$$#
...).#.....# #o4))).....
....))..⌠..# #o###.....#
.....#.....#####b# ..###
###..#((...#...#4# ##
########'###...#.#
.'.......)('._.'.########
.##)###'##.#...###..≈§≈§#####
.#...#...#.#...#.'..≈≈§§≈##≈#
##...#...#.##'##.#§§§§≈§§≈§##
#∩..#..∩#.......#######§§§≈#
################# ######


You could see an orc knight, an orange demon, a chaos spawn and an orc sorcerer.

Vanquished Creatures
  Erolcha (D:9)
  7 hydras
  2 two-headed ogres (Orc:2)
  An anaconda (Lair:4)
  5 death yaks (Lair:6)
  An unseen horror (D:11)
  Pikel (D:6)
  An orc knight (Orc:2)
  2 ugly things (D:11)
  A cyclops (D:11)
  Maurice (D:9)
  8 black mambas
  23 spiny frogs
  6 komodo dragons
  4 trolls
  Grinder (D:5)
  5 tyrant leeches
  Prince Ribbit (D:5)
  6 hippogriffs
  15 blink frogs
  Sigmund (D:3)
  A spriggan (Lair:5)
  2 wyverns
  A wraith (D:10)
  2 basilisks
  19 yaks
  6 vampire mosquitoes
  2 swamp worms (Lair:4)
  2 wargs (Orc:2)
  14 water moccasins
  8 porcupines
  5 ice beasts
  5 black bears
  4 sky beasts
  13 orc warriors
  5 phantoms
  8 wolves
  13 ogres
  A centaur (D:8)
  13 crocodiles
  22 bullfrogs
  A wyvern skeleton (D:11)
  A scorpion (D:7)
  13 killer bees
  10 wights
  5 howler monkeys (D:7)
  3 electric eels
  3 crimson imps
  A centaur zombie (D:8)
  A quasit (D:7)
  A bullfrog zombie (D:11)
  3 centaur skeletons
  9 orc priests
  4 hounds
  4 jellies
  Crazy Yiuf (D:5)
  11 orc wizards
  Ijyb (D:3)
  8 worker ants
  2 iguanas
  A hound zombie (D:5)
  A hound skeleton (D:8)
  A worker ant zombie (D:6)
  8 adders
  2 shadow imps
  7 oozes
  An adder zombie (D:9)
  2 adder skeletons
  3 worms
  3 dart slugs
  9 leopard geckos
  79 orcs
  5 giant cockroaches
  13 goblins
  3 hobgoblins
  9 jackals
  7 kobolds
  4 quokkas
  2 ball pythons
  4 bats
  4 frilled lizards
  A jackal skeleton (D:4)
  A quokka zombie (D:5)
  12 rats
503 creatures vanquished.

Vanquished Creatures (collateral kills)
  A stone giant (Orc:2)
  A hydra (Lair:5)
  A two-headed ogre (Orc:2)
  An orc knight (Orc:2)
  A spiny frog (Lair:6)
  An orc warrior (Orc:2)
  An ogre (Orc:2)
  3 orc priests (Orc:2)
  An orc wizard (Orc:2)
11 creatures vanquished.

Vanquished Creatures (others)
  A necrophage (D:7)
  An orc wizard (D:6)
  A worker ant zombie (D:7)
  2 jackals (D:7)
  17 fungi
  52 plants
74 creatures vanquished.

Grand Total: 588 creatures vanquished

Notes
Turn   | Place    | Note
-------+----------+-------------------------------------------
     0 | D:1      | Patate the Gargoyle Fighter began the quest for the Orb.
     0 | D:1      | Reached XP level 1. HP: 14/14 MP: 1/1
    41 | D:1      | Reached XP level 2. HP: 10/19 MP: 2/2
   361 | D:1      | Reached XP level 3. HP: 24/24 MP: 3/3
  1152 | D:2      | Reached skill level 4 in Fighting
  1247 | D:2      | Reached XP level 4. HP: 28/29 MP: 4/4
  1491 | D:2      | Found a glowing golden altar of the Shining One.
  1646 | D:2      | Found a shadowy altar of Dithmenos.
  1651 | D:2      | Found a burning altar of Makhleb.
  1655 | D:2      | Became a worshipper of Makhleb the Destroyer
  2056 | D:3      | Noticed Ijyb
  2132 | D:3      | Killed Ijyb
  2132 | D:3      | Reached XP level 5. HP: 25/34 MP: 5/5
  2364 | D:3      | Found a basalt altar of Yredelemnul.
  2570 | D:3      | Noticed Sigmund
  2578 | D:3      | Killed Sigmund
  2578 | D:3      | Reached skill level 5 in Fighting
  2578 | D:3      | Reached skill level 5 in Maces & Flails
  2578 | D:3      | Reached XP level 6. HP: 40/40 MP: 6/6
  3079 | D:3      | Reached XP level 7. HP: 29/44 MP: 7/7
  4108 | D:4      | Reached skill level 6 in Fighting
  4353 | D:5      | Entered Level 5 of the Dungeon
  4405 | D:5      | Noticed Prince Ribbit
  4421 | D:5      | Killed Prince Ribbit
  4421 | D:5      | Reached XP level 8. HP: 20/52 MP: 8/8
  4835 | D:5      | Found a runed door.
  4939 | D:5      | Found a glowing silver altar of Zin.
  5076 | D:5      | Noticed Grinder
  5096 | D:5      | Killed Grinder
  5096 | D:5      | Reached skill level 7 in Fighting
  5437 | D:5      | Noticed Crazy Yiuf
  5448 | D:5      | Killed Crazy Yiuf
  6174 | D:6      | Reached XP level 9. HP: 43/59 MP: 9/9
  6462 | D:6      | Reached * piety under Makhleb
  6475 | D:6      | Reached skill level 8 in Fighting
  7153 | D:7      | Noticed Pikel
  7167 | D:6      | Killed Pikel
  7167 | D:6      | Reached skill level 10 in Maces & Flails
  7267 | D:7      | Found a staircase to the Ecumenical Temple.
  7536 | D:7      | Reached skill level 9 in Fighting
  8070 | D:7      | Found an ornate altar of the Wu Jian Council.
  8112 | D:7      | Found a white marble altar of Elyvilon.
  8393 | D:8      | Reached XP level 10. HP: 66/66 MP: 10/10
  8403 | D:8      | Reached ** piety under Makhleb
  8473 | D:8      | Found a bloodstained altar of Trog.
  8703 | D:8      | Found Anarghev's Antique Weapon Shop.
  9005 | D:9      | Reached skill level 10 in Fighting
  9223 | D:9      | Noticed Erolcha
  9242 | D:9      | Killed Erolcha
  9525 | D:9      | Noticed Maurice
  9552 | D:9      | Killed Maurice
  9552 | D:9      | Reached XP level 11. HP: 58/73 MP: 11/11
  9902 | D:9      | Found Luropt's Assorted Antiques.
  9984 | D:9      | Reached skill level 11 in Fighting
 10106 | D:10     | Entered Level 10 of the Dungeon
 10215 | D:10     | Got a fine ring mail
 10226 | D:10     | Identified the cursed +1 ring mail of Dogma {Str+2} (You
                  | found it on level 10 of the Dungeon)
 10259 | D:10     | Reached *** piety under Makhleb
 10463 | D:10     | Found a white marble altar of Elyvilon.
 10622 | D:10     | Found a portal to a secret trove of treasure.
 10635 | D:10     | Upgraded the game from 0.23-a0-61-g4bf3f6c to
                  | 0.23-a0-80-gc95c2c7
 10733 | D:11     | Noticed a brown ugly thing
 10874 | D:11     | Found a staircase to the Lair.
 10909 | D:11     | Found Kec Kew's Elemental Accessories.
 11128 | D:11     | Noticed a purple ugly thing
 11149 | D:11     | Killed a purple ugly thing
 11216 | D:11     | Killed an unseen horror
 11466 | D:11     | Killed a brown ugly thing
 11603 | D:11     | Upgraded the game from 0.23-a0-80-gc95c2c7 to
                  | 0.23-a0-103-ge8f8661
 11640 | D:11     | Reached skill level 12 in Fighting
 11692 | D:11     | Found a staircase to the Orcish Mines.
 11951 | Lair:1   | Entered Level 1 of the Lair of Beasts
 12089 | Lair:1   | Noticed a five-headed hydra
 12102 | Lair:1   | Killed a five-headed hydra
 12128 | Lair:1   | Upgraded the game from 0.23-a0-103-ge8f8661 to
                  | 0.23-a0-106-g63f3d0b
 12230 | Lair:1   | Reached **** piety under Makhleb
 12417 | Lair:1   | Reached skill level 5 in Armour
 12438 | Lair:1   | Reached XP level 12. HP: 82/82 MP: 12/12
 13585 | Lair:3   | Noticed a four-headed hydra
 13592 | Lair:3   | Reached skill level 13 in Fighting
 13603 | Lair:3   | Killed a four-headed hydra
 13677 | Lair:3   | Found a labyrinth entrance.
 13734 | Lair:3   | Found a hole to the Spider Nest.
 14278 | Lair:4   | Noticed a seven-headed hydra
 14424 | Lair:4   | Upgraded the game from 0.23-a0-106-g63f3d0b to
                  | 0.23-a0-108-gf7ee2ed
 14594 | Lair:4   | Reached skill level 14 in Fighting
 14815 | Lair:3   | Killed a seven-headed hydra
 15060 | Lair:4   | Found a staircase to the Swamp.
 15097 | Lair:4   | Noticed an anaconda
 15114 | Lair:4   | Killed an anaconda
 15230 | Lair:4   | Reached ***** piety under Makhleb
 15743 | Lair:4   | Reached skill level 5 in Invocations
 15887 | Lair:5   | Reached XP level 13. HP: 83/91 MP: 16/16
 16349 | Lair:5   | Found a staircase to the Slime Pits.
 16350 | Lair:5   | Found a viscous altar of Jiyva.
 17010 | Lair:6   | Entered Level 6 of the Lair of Beasts
 17256 | Lair:5   | Upgraded the game from 0.23-a0-108-gf7ee2ed to
                  | 0.23-a0-115-g8d3be6a
 17622 | Lair:6   | Reached skill level 15 in Fighting
 18349 | Lair:6   | Reached skill level 1 in Dodging
 19215 | Lair:6   | Noticed a balrug
 19431 | Lair:6   | Gained mutation: Your large and strong wings let you fly
                  | indefinitely. [Gargoyle growth]
 19431 | Lair:6   | Reached XP level 14. HP: 54/99 MP: 20/20
 19600 | Lair:6   | Reached skill level 5 in Dodging
 20137 | Lair:6   | Reached skill level 16 in Fighting
 20431 | Lair:6   | Identified a +0 pair of boots of running (You found it on
                  | level 6 of the Lair of Beasts)
 20858 | Orc:1    | Entered Level 1 of the Orcish Mines
 21496 | Orc:2    | Entered Level 2 of the Orcish Mines
 21844 | Orc:2    | Found a roughly hewn altar of Beogh.
 21844 | Orc:2    | Noticed a stone giant
 21943 | Orc:1    | Upgraded the game from 0.23-a0-115-g8d3be6a to
                  | 0.23-a0-126-g19e28b4
 22175 | Orc:2    | Reached ****** piety under Makhleb
 22345 | Orc:2    | Killed a stone giant
 22385 | Orc:2    | Found Poetis's Gadget Boutique.
 22408 | Orc:2    | Found Vuablil's Antique Armour Shop.
 22422 | Orc:2    | Reached skill level 10 in Invocations
 22530 | Orc:2    | Slain by a chaos spawn

Vault maps used:
D:1:      lordsloth_arrival_two_stooges
D:2:      tso_metal_star, minitemple
D:3:      lemuel_round_altar, uniq_ijyb, uniq_sigmund
D:4:      kb_forest_paths
D:5:      zin_scriptorium, first_ration, uniq_grinder, uniq_crazy_yiuf_cottage,
          uniq_prince_ribbit1
D:6:      black_bear_nest_1
D:7:      kennysheep_mini_moat, temple_doors_ab, basic_altar, uniq_pikel
D:8:      lightli_temple_of_fire, serial_shops, shop
D:9:      serial_shops, nicolae_shop_statue_plus,
          hangedman_little_slice_of_home, minmay_variable_closet, uniq_erolcha,
          uniq_maurice
D:10:     nicolae_trove_entry_columns, elyvilon_altar_1
D:11:     lair_entry_dummy, david_orc_4, nicolae_elemental_shop
Lair:1:   grunt_megastairs_4
Lair:3:   dummy_spider_entry, lab_entry_generic
Lair:4:   beast_lair_carwin_large_1, minmay_swamp_entry_worms,
          serial_bayou_shore_a, grunt_megastairs_5
Lair:5:   slime_altar_1, grunt_forest_large_clearing_hut,
          minmay_lair_oklob_chamber
Lair:6:   minmay_lair_end_frog_pond
Orc:2:    pubby_orc_utopia

Skill      XL: |  1  2  3  4  5  6  7  8  9 10 11 12 13 14 |
---------------+-------------------------------------------+-----
Maces & Flails | 3 4 5 6 7 9 11 13 14 | 14.0
Fighting       | 4 5 6 7 9 10 12 14 15 16 | 16.4
Armour         | 5 8 |  8.0
Invocations    | 5 9 10 | 10.0
Dodging        | 4 6 |  6.0
Shields        | |  3.2

Action                   |  1- 3 |  4- 6 |  7- 9 | 10-12 | 13-15 || total
-------------------------+-------+-------+-------+-------+-------++-------
Melee: Flail             |   151 |   186 |   350 |       |    27 ||   714
       Unarmed           |       |    13 |       |       |     7 ||    20
       Whip              |       |       |   151 |  1051 |    76 ||  1278
       Mace              |       |       |       |       |  1235 ||  1235
Invok: Lesser Servant of |       |       |       |     2 |     2 ||     4
       Major Destruction |       |       |       |     1 |     9 ||    10
       Greater Servant o |       |       |       |       |     3 ||     3
 Abil: Fly               |       |       |       |       |     1 ||     1
       Stop Flying       |       |       |       |       |     1 ||     1
Evoke: Wand              |       |       |       |     2 |    36 ||    38
  Use: Potion            |     1 |     1 |     2 |     1 |       ||     5
       Scroll            |     5 |     1 |     9 |     7 |     6 ||    28
 Stab: Distracted        |       |       |       |       |     1 ||     1
  Eat: Chunk             |     1 |     7 |    13 |    21 |    17 ||    59
       Ration            |       |       |     1 |     1 |     2 ||     4
Armor: Scale mail        |   116 |    90 |   229 |   147 |       ||   582
       Ring mail         |       |       |       |   277 |   584 ||   861
       Plate armour      |       |       |       |       |     4 ||     4
Dodge: Dodged            |    60 |    63 |   109 |   229 |   430 ||   891
Block: Shield            |    89 |    83 |   186 |   359 |   602 ||  1319

Table legend:
 A = Non-vault XP
 B = Vault XP
 C = Vault XP percentage of total XP
 D = Non-vault monster count
 E = Vault monster count
 F = Vault count percentage of total count
                 A         B        C        D         E       F
            +---------+---------+-------+---------+---------+-------
      Total |   41137 |   28908 |  41.3 |     346 |     169 |  32.8
            +---------+---------+-------+---------+---------+-------
        D:1 |      59 |       0 |   0.0 |      29 |       0 |   0.0
        D:2 |      96 |       0 |   0.0 |      23 |       0 |   0.0
        D:3 |     244 |     265 |  52.1 |      28 |       2 |   6.7
        D:4 |     268 |      88 |  24.7 |      10 |       4 |  28.6
        D:5 |     125 |     584 |  82.4 |       7 |       3 |  30.0
        D:6 |    1068 |     796 |  42.7 |      25 |       2 |   7.4
        D:7 |     767 |       0 |   0.0 |      23 |       0 |   0.0
        D:8 |    2004 |       0 |   0.0 |      34 |       0 |   0.0
        D:9 |    2107 |    1710 |  44.8 |      16 |      10 |  38.5
       D:10 |     973 |     142 |  12.7 |      12 |       1 |   7.7
       D:11 |    4606 |     459 |   9.1 |      32 |      12 |  27.3
     Lair:1 |    3655 |     126 |   3.3 |      17 |       1 |   5.6
     Lair:2 |    1885 |       0 |   0.0 |      12 |       0 |   0.0
     Lair:3 |    4503 |       0 |   0.0 |      15 |       0 |   0.0
     Lair:4 |    2152 |    4212 |  66.2 |      11 |      16 |  59.3
     Lair:5 |    5396 |    4746 |  46.8 |      17 |      20 |  54.1
     Lair:6 |   10351 |    9962 |  49.0 |      25 |      34 |  57.6
      Orc:1 |     878 |     397 |  31.1 |      10 |      13 |  56.5
      Orc:2 |       0 |    5421 | 100.0 |       0 |      51 | 100.0
            +---------+---------+-------+---------+---------+-------
